 Seeded DCSS version 0.29-a0-923-g6e406bff71 (webtiles) character file.

Game seed: 20220728 (custom seed)

5792 purpskrrrp the Unseen (level 10, -5/39 HPs)
             Began as a Vine Stalker Enchanter on July 28, 2022.
             Was a Follower of Dithmenos.
             Slain by a two-headed ogre
             ... wielding a +0 giant club
              (17 damage)
             ... on level 9 of the Dungeon.
             The game lasted 00:34:41 (8721 turns).

purpskrrrp the Unseen (Vine Stalker Enchanter)      Turns: 8721, Time: 00:34:47

Health: -5/39      AC:  5    Str: 16    XL:     10   Next: 79%
Magic:  0/14       EV: 12    Int: 15    God:    Dithmenos [*.....]
Gold:   734        SH:  0    Dex: 26    Spells: 13/13 levels left

rFire   . . .      SeeInvis .   c - +2 quick blade
rCold   . . .      Faith    +   (no shield)
rNeg    . . .      Spirit   +   w - +0 robe of Midnight {-Cast Harm Slay+5}
rPois   .          Reflect  .   p - +2 helmet
rElec   .          Harm     +   (no cloak)
rCorr   .          Rampage  .   (no gloves)
Will    ++...      NoCast   +   (no boots)
Stlth   ++++++++..              z - amulet of faith
HPRegen 0.93/turn               n - +6 ring of dexterity
MPRegen 0.14/turn               u - +6 ring of strength

@: wreathed by umbra
A: fangs 3, regeneration 1, magic shield, antimagic bite, no potion heal 2,
frail 1, strong-willed 1
a: Renounce Religion


You were on level 9 of the Dungeon.
You worshipped Dithmenos.
Dithmenos was aware of your devotion.
You visited 2 branches of the dungeon, and saw 10 of its levels.
You also visited: Sewer.

You collected 1274 gold pieces.
You spent 540 gold pieces at shops.

Inventory:

Hand Weapons
 a - a +1 vorpal dagger
 c - a +2 quick blade (weapon)
 q - a +2 long sword of holy wrath
 x - the +11 hand axe of Mourning {protect, rElec rPois Will+}
   (You found it on level 7 of the Dungeon)

   It grants its wielder temporary protection when it strikes (+7 to AC).
   rElec:     It insulates you from electricity.
   rPois:     It protects you from poison.
   Will:      It increases your willpower.
Missiles
 d - 45 poisoned darts
 i - 12 boomerangs
 o - 3 javelins
 v - 4 curare-tipped darts (quivered)
Armour
 b - a +1 robe
 p - a +2 helmet (worn)
 w - the +0 robe of Midnight (worn) {-Cast Harm Slay+5}
   (You found it on level 7 of the Dungeon)

   Slay:      It affects your accuracy & damage with ranged weapons and melee
   (+5).
   -Cast:     It prevents spellcasting.
   Harm:      It increases damage dealt and taken.
Jewellery
 n - a +6 ring of dexterity (left hand)
 s - a ring of protection from fire
 u - a +6 ring of strength (right hand)
 y - a ring of positive energy
 z - an amulet of faith (around neck)
Wands
 h - a wand of roots (11)
 j - a wand of digging (4)
 k - a wand of charming (10)
Scrolls
 f - a scroll of amnesia
 g - a scroll of magic mapping
 l - 3 scrolls of identify
 t - a scroll of silence
 B - a scroll of poison {unknown}
Potions
 e - 5 potions of heal wounds
 m - 4 potions of curing
 r - a potion of degeneration
 A - a potion of flight {unknown}


   Skills:
 * Level 9.2(9.3) Short Blades
 + Level 1.0(5.8) Long Blades
 + Level 1.1 Throwing
 - Level 1.5 Dodging
 * Level 15.7 Stealth
 - Level 2.2 Spellcasting
 - Level 3.0 Hexes


You had 13 spell levels left.
You didn't know any spells.
Your spell library contained the following spells:

 Spells                   Type           Power      Damage    Failure   Level
 Ensorcelled Hibernation  Hex/Ice        12%        N/A       17%         2
 Confusing Touch          Hex            10%        N/A       19%         3
 Tukima's Dance           Hex            10%        N/A       19%         3
 Poisonous Vapours        Pois/Air       2%         N/A       32%         2
 Dazzling Flash           Conj/Hex       12%        N/A       34%         3
 Animate Dead             Necr           1%         N/A       91%         4
 Corpse Rot               Necr/Pois/Air  1%         N/A       91%         4
 Freezing Cloud           Conj/Ice/Air   0%         6-21      99%         5
 Starburst                Conj/Fire      0%         6d3       100%        6
 Haunt                    Necr/Summ      0%         N/A       100%        7
 Infestation              Necr           0%         N/A       100%        8


Dungeon Overview and Level Annotations

Branches:
Dungeon (9/15)             Temple (1/1) D:6            Lair (0/5) D:8
  Sewer (visited)
    Orc: D:9-12

Altars:
Ashenzari
Cheibriados
Dithmenos
Elyvilon
Fedhas
Gozag
Kikubaaqudgha
Makhleb
Nemelex Xobeh
Okawaru
Qazlal
Ru
Sif Muna
Trog
Uskayaw
Vehumet
Wu Jian
Xom
Yredelemnul
Zin
The Shining One

Shops:
D:5 (([*(

Annotations:
D:3 3 runed translucent doors, valliere's ghost, amateur DEVM


Innate Abilities, Weirdness & Mutations

You have razor-sharp teeth.
Your natural rate of healing is unusually fast.
When hurt, damage is shared between your health and your magic reserves.
Your bite disrupts and absorbs the magic of your enemies.
Potions cannot restore your health.
You are frail. (-10% HP)
You are strong-willed. (Will+)


Message History

Maurice's magic leaks into the air.
You drain his magic.
Maurice is severely wounded.
You closely miss Maurice. You bite Maurice, but do no damage.
Maurice is severely wounded.
Maurice hits you with a +0 dagger.
Maurice steals your 5 potions of heal wounds!
You closely miss Maurice.
Maurice is severely wounded.
You hit Maurice. Your bite misses Maurice.
Maurice is almost dead.
You closely miss Maurice.
Maurice is almost dead.
Maurice completely misses you.
You puncture Maurice!
You kill Maurice!
Dithmenos accepts your kill.
Your base Long Blades skill increases to level 1!
No target in view!
No target in view!
Unknown command.
HP restored.
Magic restored.
h - a wand of roots (11) (gained 3 charges)
e - 5 potions of heal wounds You now have 734 gold pieces (gained 12).
Things that are here:
a +0 dagger; a +2 cloak of poison resistance A two-headed ogre comes into view.
It is wielding two +0 giant clubs.
Found a stone staircase leading up.
There is an open door here.
You hit the two-headed ogre but do no damage.
You bite the two-headed ogre! You drain its power.
The two-headed ogre is moderately wounded.
You barely miss the two-headed ogre. You bite the two-headed ogre.
You drain its power.
The two-headed ogre is moderately wounded.
The two-headed ogre hits you with a +0 giant club!!
Ouch! That really hurt!
The two-headed ogre hits you with a +0 giant club!!
You die...

#.# ..
##'#### ##
.....#
≈≈###....#
≈≈≈≈#....#
#≈.....O.#
#.....@.#
+.......#
#.......#
#.......#
#<......#
#####'###
####.#
##....#
########
#..####


You could see a two-headed ogre.

Vanquished Creatures
  An elephant (D:8)
  Maurice (D:9)
  Maggie (D:9)
  Prince Ribbit (D:6)
  A hornet (D:7)
  2 wyverns (D:8)
  2 steam dragons
  Eustachio (D:4)
  5 yaks (D:8)
  A basilisk (D:8)
  An acid dragon (D:4)
  2 water moccasins
  A black bear (D:8)
  3 sky beasts
  A centaur (D:6)
  A phantom (D:5)
  Blork the orc (D:6)
  6 kobold brigands
  3 bullfrogs
  2 scorpions
  4 wights (D:6)
  2 howler monkeys (D:8)
  6 orc priests
  2 jellies
  A gnoll bouda (D:8)
  5 hounds (D:5)
  4 iguanas
  7 orc wizards
  11 gnolls
  11 adders
  2 river rats (Sewer)
  A white imp (D:7)
  3 worms
  24 orcs
  3 bats
  11 endoplasms
  3 giant cockroaches
  5 goblins
  7 hobgoblins
  4 jackals (D:5)
  16 kobolds
  2 quokkas
  7 ball pythons
  8 rats
186 creatures vanquished.

Vanquished Creatures (others)
  5 fungi
  3 plants (D:8)
8 creatures vanquished.

Grand Total: 194 creatures vanquished

Notes
Turn   | Place    | Note
-------+----------+-------------------------------------------
     0 | D:1      | purpskrrrp the Vine Stalker Enchanter began the quest for
                  | the Orb.
     0 | D:1      | Reached XP level 1. HP: 9/9 MP: 4/4
   260 | D:1      | Reached skill level 1 in Short Blades
   273 | D:1      | Found a faded altar of an unknown god.
   284 | D:1      | Reached skill level 4 in Stealth
   284 | D:1      | Reached XP level 2. HP: 13/13 MP: 6/6
  1608 | D:2      | Reached XP level 3. HP: 16/16 MP: 7/7
  1960 | D:2      | Reached skill level 5 in Stealth
  1969 | D:2      | Gained mutation: Your natural rate of healing is unusually
                  | fast. [Vine Stalker growth]
  1969 | D:2      | Reached XP level 4. HP: 16/21 MP: 8/8
  2418 | D:3      | Found a runed translucent gate.
  2418 | D:3      | Noticed a kobold brigand
  2420 | D:3      | Found a runed translucent gate.
  2501 | D:3      | Found a runed translucent gate.
  2501 | D:3      | Noticed valliere's ghost (amateur DEVM)
  2761 | D:4      | Noticed an acid dragon
  2764 | D:4      | Killed an acid dragon
  2765 | D:4      | Reached skill level 7 in Stealth
  2765 | D:4      | Reached XP level 5. HP: 24/24 MP: 9/9
  2849 | D:4      | Found a bloodstained altar of Trog.
  2852 | D:4      | Reached XP level 6. HP: 28/28 MP: 10/10
  2976 | D:4      | Noticed Eustachio
  2991 | D:4      | Killed Eustachio
  2992 | D:4      | Reached skill level 8 in Stealth
  3279 | D:4      | Reached XP level 7. HP: 32/32 MP: 11/11
  3382 | D:4      | Reached skill level 9 in Stealth
  3691 | D:5      | Entered Level 5 of the Dungeon
  3761 | D:5      | Found Weocob's Antique Weapon Shoppe.
  3895 | D:5      | Found Ygguceiluo's Armour Shop.
  3897 | D:5      | Found Himuushro's Weapon Boutique.
  3932 | D:5      | Found Ytogiy Teib's Assorted Antiques.
  4000 | D:5      | Identified a scroll of acquirement
  4000 | D:5      | Acquired 852 gold pieces
  4284 | D:5      | Reached skill level 10 in Stealth
  4284 | D:5      | Gained mutation: You have razor-sharp teeth. [Vine Stalker
                  | growth]
  4284 | D:5      | Reached XP level 8. HP: 36/36 MP: 12/12
  4407 | D:5      | Found Hisiniz's Antique Weapon Boutique.
  4416 | D:5      | Bought a runed quick blade for 540 gold pieces
  4809 | D:6      | Found a glowing drain.
  4837 | Sewer    | Entered a sewer
  5059 | Sewer    | Reached skill level 5 in Short Blades
  5059 | Sewer    | Reached skill level 11 in Stealth
  5691 | D:6      | Noticed Prince Ribbit
  5704 | D:6      | Killed Prince Ribbit
  5705 | D:6      | Reached skill level 12 in Stealth
  5705 | D:6      | Reached XP level 9. HP: 16/39 MP: 10/13
  5725 | D:6      | Found a staircase to the Ecumenical Temple.
  5729 | D:6      | Noticed Blork the orc
  5758 | D:6      | Killed Blork the orc
  5889 | Temple   | Entered the Ecumenical Temple
  5922 | Temple   | Became a worshipper of Dithmenos the Shadowed
  6143 | D:6      | Reached skill level 13 in Stealth
  6402 | D:6      | Found a glowing silver altar of Zin.
  6405 | D:6      | Found a sacrificial altar of Ru.
  6406 | D:6      | Found a blossoming altar of Fedhas.
  6408 | D:6      | Found a radiant altar of Vehumet.
  6540 | D:7      | Gained mutation: You are frail. (-10% HP) [potion of
                  | mutation]
  6540 | D:7      | Gained mutation: You are strong-willed. (Will+) [potion of
                  | mutation]
  6682 | D:7      | Noticed a hornet
  6687 | D:7      | Killed a hornet
  7138 | D:7      | Identified the +0 robe of Midnight {-Cast Harm Slay+5}
  7153 | D:7      | Identified the +11 hand axe of Mourning {protect, rElec
                  | rPois Will+}
  7372 | D:8      | Reached skill level 14 in Stealth
  7414 | D:8      | Got the Handbook of Arcane Weapons
  7431 | D:8      | Reached XP level 10. HP: 39/39 MP: 14/14
  7441 | D:8      | Noticed an elephant
  7442 | D:8      | Found a staircase to the Lair.
  7452 | D:8      | HP: 1/39 [poisoned by a kobold]
  7467 | D:8      | Reached skill level 1 in Throwing
  7625 | D:7      | Reached * piety under Dithmenos
  7874 | D:8      | Reached skill level 15 in Stealth
  8341 | D:8      | Killed an elephant
  8608 | D:9      | Noticed Maggie
  8612 | D:9      | Killed Maggie
  8677 | D:9      | Noticed Maurice
  8691 | D:9      | Killed Maurice
  8692 | D:9      | Reached skill level 1 in Long Blades
  8712 | D:9      | Noticed a two-headed ogre
  8721 | D:9      | Slain by a two-headed ogre

Illustrated notes

Levels and vault maps discovered:
D:1:      dpeg_arrival_erosion, layout_basic, ebering_ecumenical_altar_abandoned
D:2:      layout_basic
D:3:      layout_loops_ring, gammafunk_ghost_nasty_kobolds
D:4:      layout_gridville, lemuel_tele_altar, st_stairs_3, uniq_eustachio
D:5:      minmay_evil_eye, layout_basic, serial_shops, nicolae_diamond_shop,
          shop_fountains, shop, shop, nicolae_shop_advertising_works
          [nicolae_subvault_shop_adworks]
D:6:      layout_basic, minitemple, minmay_temple_entry_mist,
          cheibrodos_sewer_entry_bend, uniq_blork_the_orc, uniq_prince_ribbit1
D:7:      layout_gridville, serial_glass, glass_columns_a, glass_columns_a,
          hangedman_abyss_or_decor_passed
D:8:      layout_basic, david_lair_generic
D:9:      layout_roguey, serial_rivers, chequers_serial_rivers_micro_b,
          chequers_serial_rivers_room_b, chequers_serial_rivers_large_b,
          chequers_serial_rivers_room_b, chequers_serial_rivers_micro_c,
          chequers_serial_rivers_room_a, nicolae_lava_and_water, uniq_maurice,
          uniq_maggie
Temple:   nicolae_temple_superstar

Skill      XL: |  1  2  3  4  5  6  7  8  9 10 |
---------------+-------------------------------+-----
Short Blades   | 1 2 3 4 6 7 9 |  9.2
Stealth        | 4 5 7 8 10 12 14 15 | 15.7
Throwing       | 1 |  1.1
Long Blades    | 1 |  1.0
Dodging        | |  1.5
Spellcasting   | |  2.2
Hexes          | |  3.0

Action                   |  1- 3 |  4- 6 |  7- 9 | 10-12 || total
-------------------------+-------+-------+-------+-------++-------
Melee: Dagger            |    58 |    79 |   115 |       ||   252
       Bite              |     5 |    19 |   139 |    45 ||   208
       Punch             |       |     1 |     6 |     3 ||    10
       Quick blade       |       |       |   384 |   114 ||   498
       Long sword        |       |       |     6 |       ||     6
Throw: Javelin           |       |     3 |     4 |       ||     7
  Use: Scroll            |     1 |    13 |     7 |     4 ||    25
       Potion            |     1 |     1 |     3 |     1 ||     6
 Stab: Sleeping          |     7 |     3 |    22 |     2 ||    34
       Invisible         |     2 |     1 |     3 |       ||     6
       Distracted        |       |       |     1 |       ||     1
Armor: Robe              |     8 |    20 |    58 |     5 ||    91
Dodge: Dodged            |    33 |    64 |   141 |    30 ||   268

Table legend: (Time is in decaauts)
 A = Elapsed time spent in this place.
 B = Non-inter-level travel time spent in this place.
 C = Inter-level travel time spent in this place.
 D = Time resting spent in this place.
 E = Time spent auto-exploring this place.
 F = Levels seen in this place.
 G = Mean time per level.
                   A        B        C        D        E       F      G
               +--------+--------+--------+--------+--------+-----+--------+
         Total |   8566 |   7870 |    696 |    555 |   5484 |  11 |  778.7 |
       Dungeon |   7587 |   6891 |    696 |    539 |   4881 |   9 |  843.0 |
        Temple |    132 |    132 |      0 |      0 |     86 |   1 |  132.0 |
         Sewer |    846 |    846 |      0 |     16 |    517 |   1 |  846.0 |
               +--------+--------+--------+--------+--------+-----+--------+

Top non-repeatable levels by time:
     D:1: 1158 daAuts
     D:5: 1017 daAuts
     D:8: 996 daAuts
     D:2: 914 daAuts
     D:7: 863 daAuts
     D:3: 862 daAuts
     D:6: 851 daAuts
   Sewer: 846 daAuts
     D:4: 737 daAuts
     D:9: 185 daAuts
  Temple: 132 daAuts
